 Dungeon Crawl Stone Soup version 0.27-a0-492-ga4bb394fd4 (webtiles) character file.

Game seed: 14056256675827768777

149 Gaff the Sneak (level 5, -5/32 HPs)
             Began as a Kobold Brigand on Mar 2, 2021.
             Killed by nerve-wracking pain
             ... invoked by an orc priest
              (12 damage)
             ... on level 4 of the Dungeon.
             The game lasted 00:07:22 (3407 turns).

Gaff the Sneak (Kobold Brigand)                     Turns: 3407, Time: 00:07:23

Health: -5/32      AC:  9    Str:  8    XL:     5   Next: 56%
Magic:  5/5        EV: 16    Int: 13    God:
Gold:   89         SH:  0    Dex: 17    Spells: 4/4 levels left

rFire    . . .     SeeInvis .   a - +2 dagger
rCold    . . .     Faith    .   (shield restricted)
rNeg     . . .     Spirit   .   m - +1 animal skin
rPois    .         Reflect  .   n - +0 helmet
rElec    .         Harm     .   c - +0 cloak
rCorr    .         Rampage  .   (no gloves)
Will     .....                  (no boots)
Stlth    +++++.....             (no amulet)
HPRegen  0.10/turn              h - +4 ring of protection
MPRegen  0.09/turn              (no ring)

@: no status effects
A: small, nightstalker 3
a: no special abilities


You were on level 4 of the Dungeon.
You visited 1 branch of the dungeon, and saw 4 of its levels.

You collected 89 gold pieces.

Inventory:

Hand Weapons
 a - a +2 dagger (weapon)
 j - a +0 short sword
Missiles
 d - 5 poisoned darts (quivered)
 e - 2 curare-tipped darts
Armour
 b - a +0 robe
 c - a +0 cloak (worn)
 g - a +0 leather armour of cold resistance
 m - a +1 animal skin (worn)
 n - a +0 helmet (worn)
 s - a +0 buckler
Jewellery
 h - a +4 ring of protection (left hand)
Scrolls
 f - 2 scrolls of teleportation {unknown}
 k - 2 scrolls of identify {unknown}
 o - a scroll of enchant weapon {unknown}
 q - a scroll of amnesia {unknown}
 r - a scroll of blinking {unknown}
Potions
 i - 3 potions of curing
 l - a potion of mutation {unknown}
 p - a potion of might {unknown}


   Skills:
 + Level 2.8 Fighting
 + Level 3.8 Short Blades
 + Level 2.4 Throwing
 * Level 3.0 Dodging
 + Level 7.1 Stealth


You had 4 spell levels left.
You didn't know any spells.
Your spell library was empty.

Dungeon Overview and Level Annotations

Branches:
Dungeon (4/15)
 Temple: D:4-7

Altars:
Gozag
Sif Muna
Trog


Innate Abilities, Weirdness & Mutations

You are small and have problems with some larger weapons.
You are completely attuned to the shadows.


Message History

The orc priest closely misses you.
You barely miss the orc priest.
The orc priest is moderately wounded.
You closely miss the orc priest.
The orc priest is moderately wounded.
The orc priest closely misses you.
You hit the orc priest.
The orc priest is moderately wounded.
You hit the orc.
The orc is moderately wounded.
The orc priest calls upon Beogh to heal the orc.
The orc's wounds heal themselves!
You barely miss the orc.
An orc comes into view. It is wielding a +1 mace of draining.
The orc barely misses you.
The orc priest mumbles some strange prayers to Beogh against you.
Beogh smites you!
You hit the orc.
The orc is moderately wounded.
You barely miss the orc.
The orc is moderately wounded.
The orc hits you but does no damage.
The orc priest miscasts a cantrip.
You hit the orc.
The orc is severely wounded.
The orc misses you.
You hit the orc.
You kill the orc!
You hit the orc priest but do no damage.
The orc priest is moderately wounded.
You hit the orc priest.
The orc priest is heavily wounded.
The orc priest invokes the aid of Beogh against you.
Beogh smites you!
* * * LOW HITPOINT WARNING * * *
You hit the orc priest.
The orc priest is severely wounded.
The orc priest calls down the wrath of Beogh upon you.
Pain shoots through your body!
You die...

###### .....#
.....######
......oo@.+
.....######
.....###
...#...###
...#...... ..
#...... .
##..... ....
..##.....
...............


You could see an orc priest and an orc.

Vanquished Creatures
  Jessica (D:2)
  Robin (D:1)
  A gnoll (D:3)
  2 adders (D:2)
  6 worms
  3 orcs
  3 bats
  3 giant cockroaches
  14 goblins
  10 hobgoblins
  2 jackals (D:2)
  A quokka (D:2)
  3 frilled lizards
  A jackal skeleton (D:4)
  7 kobolds
  6 rats
64 creatures vanquished.

Notes
Turn   | Place    | Note
-------+----------+-------------------------------------------
     0 | D:1      | Gaff the Kobold Brigand began the quest for the Orb.
     0 | D:1      | Reached XP level 1. HP: 12/12 MP: 1/1
   311 | D:1      | Reached XP level 2. HP: 18/18 MP: 2/2
   629 | D:1      | Reached skill level 6 in Stealth
   956 | D:1      | Reached XP level 3. HP: 22/22 MP: 3/3
  1164 | D:2      | Noticed Jessica
  1168 | D:2      | Killed Jessica
  1169 | D:2      | Reached XP level 4. HP: 27/27 MP: 4/4
  1236 | D:2      | Noticed Robin
  1430 | D:1      | Killed Robin
  1823 | D:2      | Found a bloodstained altar of Trog.
  2073 | D:2      | Reached XP level 5. HP: 9/31 MP: 5/5
  2336 | D:2      | Reached skill level 7 in Stealth
  2467 | D:2      | Found an opulent altar of Gozag.
  2804 | D:2      | Found a shimmering blue altar of Sif Muna.
  3163 | D:3      | HP: 1/31 [gnoll/+0 club (6)]
  3213 | D:3      | Noticed an orc warrior
  3407 | D:4      | Killed from afar by an orc priest

Illustrated notes

Levels and vault maps discovered:
D:1:      ncdulo_wetmaze, layout_basic
D:2:      layout_loops_corners, marbit_many_paths, led_sif_pool,
          grunt_gozag_breadcrumbs, uniq_robin, uniq_terence, uniq_jessica
D:3:      layout_loops_ring, xom_redecorated,
          nicolae_dithmenos_through_a_glass_darkly,
          chequers_ecumenical_altar_lobes, uniq_grinder
D:4:      layout_basic, lemuel_doored_altar, minmay_temple_entry_slanted,
          minmay_bisected

Skill      XL: |  1  2  3  4  5 |
---------------+----------------+-----
Stealth        | 6 7 |  7.1
Short Blades   | 3 |  3.8
Dodging        | 2 3 |  3.0
Fighting       | |  2.8
Throwing       | |  2.4

Action                   |  1- 3 |  4- 6 || total
-------------------------+-------+-------++-------
Melee: Dagger            |    64 |   207 ||   271
Throw: Dart              |       |    32 ||    32
  Use: Potion            |       |     2 ||     2
 Stab: Sleeping          |    11 |    10 ||    21
Armor: Robe              |     7 |    10 ||    17
       Animal skin       |       |    19 ||    19
Dodge: Dodged            |    36 |   123 ||   159

Table legend: (Time is in decaauts)
 A = Elapsed time spent in this place.
 B = Non-inter-level travel time spent in this place.
 C = Inter-level travel time spent in this place.
 D = Time resting spent in this place.
 E = Time spent auto-exploring this place.
 F = Levels seen in this place.
 G = Mean time per level.
                   A        B        C        D        E       F      G
               +--------+--------+--------+--------+--------+-----+--------+
         Total |   3367 |   3342 |     25 |    969 |   1653 |   4 |  841.8 |
       Dungeon |   3367 |   3342 |     25 |    969 |   1653 |   4 |  841.8 |
               +--------+--------+--------+--------+--------+-----+--------+

Top non-repeatable levels by time:
     D:2: 1610 daAuts
     D:1: 1518 daAuts
     D:4: 153 daAuts
     D:3: 85 daAuts
